 Dungeon Crawl Stone Soup version 0.31.0-11-ge490571c62 (webtiles) character file.

Game seed: 7629899397739636763

6 RancidPinata the Sneak (level 1, 0/16 HPs)
             Began as an Octopode Delver on Feb 1, 2024.
             Constricted to death by a ball python (1 damage)
             ... on level 4 of the Dungeon.
             The game lasted 00:02:06 (409 turns).

RancidPinata the Sneak (Octopode Delver)             Turns: 409, Time: 00:02:07

Health: 0/16       AC:  1    Str: 11    XL:     1   Next: 90%
Magic:  1/1        EV: 10    Int: 18    God:
Gold:   34         SH:  0    Dex: 13    Spells: 0/0 levels left

rFire   . . .        a - +0 short sword
rCold   . . .        (no shield)
rNeg    . . .        (helmet restricted)
rPois   +            (no amulet)
rElec   .            g - +6 ring of intelligence
rCorr   .            h - ring of poison resistance
SInv    .            (no ring)
Will    .....        (no ring)
Stlth   ++++         (no ring)
HPRegen 0.22/turn    (no ring)
MPRegen 0.07/turn    (no ring)
                     (no ring)

%: no passive effects
@: constricted
A: almost no armour, amphibious, 8 rings, camouflage 1, gelatinous body 1,
(nimble swimmer 1), tentacles
a: no special abilities


You were on level 4 of the Dungeon.
You visited 1 branch of the dungeon, and saw 3 of its levels.

You collected 34 gold pieces.

Inventory:

Hand Weapons
 a - a +0 short sword (weapon)
Jewellery
 g - a +6 ring of intelligence (left tentacle)
 h - a ring of poison resistance (right tentacle)
Talismans
 j - a maw talisman
Wands
 f - a wand of digging (3)
Scrolls
 b - a scroll of fog
 c - a scroll of revelation
 d - a scroll of fear
Potions
 e - a potion of haste
 i - 2 potions of curing {unknown}


   Skills:
 * Level 3.1 Fighting
 + Level 2.1 Short Blades
 * Level 2.2 Dodging
 + Level 6.6 Stealth


You couldn't memorise any spells.
You didn't know any spells.
Your spell library was empty.

Dungeon Overview and Level Annotations

Branches:
Dungeon (6/15)
 Temple: D:4-7

Altars:
Uskayaw


Innate Abilities, Weirdness & Mutations

You cannot wear most types of armour.
You are amphibious.
You can wear up to eight rings at the same time.
Your skin changes colour to match your surroundings (Stealth+).
Your rubbery body absorbs attacks. (AC +1, EV +1)
((You are camouflaged when in or above water. (Stealth+)))
You have tentacles for arms and can constrict up to eight enemies at once.


Message History

The ball python barely misses you. The ball python misses you.
An orc wizard comes into view. It is wielding a +0 dagger.
An orc comes into view. It is wielding a +0 whip.
The orc misses you. The orc attacks as it pursues you!
The orc closely misses you.
The ball python attacks as it pursues you!
The ball python bites you. The ball python grabs you.
The ball python constricts you.
You escape the ball python's grasp.
You hit the endoplasm. You squeeze the endoplasm.
You kill the endoplasm!
Found 8 gold pieces.
Found a ring mail and 5 stones.
Found a stone staircase leading up.
The orc attacks as it pursues you! The orc hits you with a +0 hand axe.
The ball python bites you. The ball python grabs you.
The ball python constricts you.
* * * LOW HITPOINT WARNING * * *
You hit the orc. Your grab misses the orc.
The orc is lightly wounded.
The orc barely misses you.
The ball python bites you but does no damage.
The ball python constricts you.
You hit the orc. Your grab misses the orc. You squeeze the orc.
The orc is severely wounded.
The orc barely misses you. The ball python barely misses you.
The ball python constricts you.
* * * LOW HITPOINT WARNING * * *
The ball python's grasp on you weakens, but your attempt to escape fails.
The orc barely misses you. The ball python bites you.
* * * LOW HITPOINT WARNING * * *
The ball python constricts you.
You escape the ball python's grasp.
The orc attacks as it pursues you! The orc closely misses you.
You hit the orc.
You kill the orc!
You closely miss the ball python. Your grab misses the ball python.
The ball python bites you.
* * * LOW HITPOINT WARNING * * *
The ball python grabs you. The ball python constricts you.
You die...

(# .<. ..#...
.... .$.### .
#....##### #..
##.##.....#
#..###..##.....#
#.....S.#.....#
####.@#.......#
#.###......# [..
##.....# ..###
#o....# ...
#.....# ##
###o....#
###......##
.........#
##.o...>)#


You could see a ball python.

Vanquished Creatures
  2 orcs
  An endoplasm (D:4)
  A kobold (D:4)
4 creatures vanquished.

Notes
Turn   | Place    | Note
-------+----------+-------------------------------------------
     0 | D:5      | RancidPinata the Octopode Delver began the quest for the
                  | Orb.
     0 | D:5      | Reached XP level 1. HP: 16/16 MP: 1/1
     2 | D:6      | Noticed an iguana
    52 | D:5      | Found a hide-covered altar of Uskayaw.
   368 | D:6      | Noticed an ice beast
   385 | D:5      | Noticed an ice beast
   397 | D:4      | Noticed an orc wizard
   409 | D:4      | Constricted to death by a ball python

Illustrated notes

Levels and vault maps discovered:
D:4:      layout_rooms, lemuel_temple_firewalk_a, chequers_ossuary_entry_cave,
          dreamdust_wishing_well
D:5:      layout_loops_ring, marbit_many_paths, minivault_23
D:6:      layout_loops_ring, kennysheep_generic_room_16, uniq_sigmund

Action                     || total
---------------------------++-------
  Melee: Short sword       ||    14
         Tentacles         ||     3
         Constrict         ||     1
 Armour: Skin              ||    11
  Dodge: Dodged            ||    17
